AoeStats
← HR nomadplayer

Arabia

503341152Analyzed
1v1 RM · 1mo ago on Aug 31, 2026· 41m 1s· 2 players
Game mode
Random Map
Map size
Tiny (2 player)
Population
200
Speed
Normal
Resources
Standard
Victory
Conquest
Starting age
Dark Age
Ending age
Imperial Age
RankedLock teamsTeams togetherTeam positionsShared explorationLock speedFull tech treeHidden civsTurbo modeCheats
Victory
Defeat
🇨🇳 Byzantines · China
2232
+10
🇨🇱 Turks · Chile
2106
-10
_DY_孟川
6:15 Loom
8:50 Feudal Age
9:53 Double-Bit Axe
19:49 Castle Age
18:49 Horse Collar
19:00 Fletching
19:14 Gold Mining
19:52 Crossbowman
21:11 Scale Barding Armor
22:08 Wheelbarrow
23:26 Forging
23:33 Padded Archer Armor
23:29 Bodkin Arrow
24:08 Bow Saw
24:38 Bodkin Arrow
24:59 Leather Archer Armor
30:04 Thumb Ring
30:54 Ballistics
35:45 Imperial Age
35:14 Gold Shaft Mining
35:27 Heavy Plow
37:29 Chemistry
36:42 Bracer
37:13 Arbalester
38:21 Pikeman
39:01 Squires
40:45 Scale Mail Armor
40:59 Halberdier
HR nomadplayer
5:02 Loom
9:16 Feudal Age
9:46 Double-Bit Axe
12:32 Horse Collar
20:40 Castle Age
19:10 Fletching
20:03 Bloodlines
20:53 Padded Archer Armor
21:18 Bodkin Arrow
21:31 Town Watch
23:12 Husbandry
27:21 Ballistics
28:12 Bow Saw
31:40 Heavy Plow
33:21 Wheelbarrow
34:07 Stone Mining
34:19 Gold Mining
36:27 Hand Cart
39:24 Imperial Age
37:59 Hand Cart
38:01 Scale Barding Armor
39:33 Chain Barding Armor
40:07 Bracer
Connection lost

Rejoining the realm…

Still unreachable

The connection could not be restored.

Session expired

The server has moved on; the page needs a fresh start.